 Dungeon Crawl Stone Soup version 0.18.1-6-gd335043 (webtiles) character file.

227 zeroDi the Sneak (level 6, -2/30 HPs)
             Began as a Vine Stalker Assassin on May 19, 2016.
             Slain by a gnoll (4 damage)
             ... on level 4 of the Dungeon.
             The game lasted 00:08:56 (2890 turns).

zeroDi the Sneak (Vine Stalker Assassin)            Turns: 2890, Time: 00:08:57

Health: -2/30      AC:  5    Str: 13    XL:     6   Next: 2%
Magic:  0/7        EV: 11    Int: 16    God:
Gold:   146        SH:  0    Dex: 18    Spells: 0 memorised, 5 levels left

rFire  . . .     SeeInvis .     a - +2 dagger
rCold  . . .     Gourm    .     q - +1 leather armour {MR+}
rNeg   . . .     Faith    .     (no shield)
rPois  .         Spirit   +     (no helmet)
rElec  .         Dismiss  .     d - +0 cloak
rCorr  .         Reflect  .     (no gloves)
SustAt .         Harm     .     (no boots)
MR     +....                    (no amulet)
Stlth  +++.......               (no ring)
                                (no ring)

@: brilliant, about to teleport, somewhat resistant to hostile enchantments,
fairly stealthy
A: fangs 2, regeneration 2, evolution 1, magic shield, antimagic bite, no device
heal 3, rot immunity, sturdy frame 1
a: no special abilities


You were on level 4 of the Dungeon.
You were not hungry.

You visited 1 branch of the dungeon, and saw 4 of its levels.
You also visited: Sewer.

You collected 146 gold pieces.


Innate Abilities, Weirdness & Mutations

You have extremely sharp teeth.
You heal very quickly.
When hurt, damage is shared between your health and your magic reserves.
Your bite disrupts and absorbs the magic of your enemies.
Potions and wands cannot restore your health.
You are immune to rotting.
You evolve.
Your movements are slightly less encumbered by armour (ER -2).


   Skills:
 - Level 1.7 Fighting
 - Level 5.0 Short Blades
 - Level 1.7 Throwing
 - Level 0.7 Dodging
 * Level 5.9 Stealth


You had 5 spell levels left.
You didn't know any spells.

Inventory:

Hand Weapons
 a - a +2 dagger (weapon)
 b - a +0 blowgun
Missiles
 e - 30 poisoned needles
 f - 2 curare-tipped needles {=f}
Armour
 c - a +0 robe
 d - a +0 cloak (worn)
 q - a +1 leather armour of magic resistance (worn)
Jewellery
 h - a +3 ring of dexterity
 t - an uncursed amulet of harm
Scrolls
 n - a scroll of fog {unknown}
 o - a scroll of amnesia {unknown}
 s - a scroll of random uselessness {unknown}
 u - 2 scrolls of remove curse
 v - 2 scrolls of teleportation {@r4}
 x - a scroll of enchant weapon {unknown}
Potions
 j - 3 potions of flight
 k - a potion of brilliance
Comestibles
 g - 4 bread rations
 i - 2 chunks of flesh
 l - a meat ration
 w - a slice of pizza

Dungeon Overview and Level Annotations

Branches:
Dungeon (4/15)
 Temple: D:4-7

Altars:
Ru

Annotations:
D:4 Eustachio

...#.# . .
..#.#####g @.
........####g#
#.......#..g. #...#
#.#.##### #.#...#
#.#....... #.#...#
#.######..
#.#..g###.........
#.#.#...g@..........
#.#.########........
#.#.########......##
#.#...............#
#.....##..........#
##....####........#
#....# #..........
#....# #....######
#....# ##.###


You could see 2 gnolls.


Message History

You feel invigorated.
The gnoll is heavily wounded.
The gnoll hits you with a halberd.
* * * LOW HITPOINT WARNING * * *
You closely miss the gnoll. The gnoll hits you.
* * * LOW HITPOINT WARNING * * *
You barely miss the gnoll. The gnoll barely misses you. The gnoll hits you.
* * * LOW HITPOINT WARNING * * *
The gnoll hits you from afar with a halberd.
* * * LOW HITPOINT WARNING * * *
The gnoll closely misses you.
Things that are here:
a club; a leather armour Read which item? (? for menu, Esc to quit)
As you read the scroll of teleportation {@r4}, it crumbles to dust.
You feel strangely unstable.
The gnoll hits you from afar with a halberd!
* * * LOW HITPOINT WARNING * * *
The gnoll hits you.
You die...

Action                   |  1- 3 |  4- 6 || total
-------------------------+-------+-------++-------
Melee: Dagger            |    77 |   205 ||   282
       Bite              |    13 |    55 ||    68
 Fire: Blowgun           |    13 |    39 ||    52
  Use: Scroll            |       |     6 ||     6
       Potion            |       |     4 ||     4
 Stab: Sleeping          |    10 |     7 ||    17
  Eat: Chunk             |       |     7 ||     7
Armor: Robe              |     6 |       ||     6
       Leather armour    |       |    73 ||    73
Dodge: Dodged            |    30 |   120 ||   150

Vault maps used:
D:1:      minmay_arrival_open_corners
D:3:      nicolae_overflow_crystal_walls, portal_sewer_entry_b
D:4:      nemelex_deck, first_bread, serial_co_window_serial,
          co_window_of_opportunity_a, co_window_cross_1, co_window_corner_a,
          co_window_paths_b, co_window_corner_a, co_window_of_opportunity_a,
          co_window_of_opportunity_b, co_window_unsneaky_path_e,
          co_window_unsneaky_path_c, co_window_paths_e, minmay_cut_off,
          uniq_robin, uniq_menkaure, uniq_eustachio
Sewer:    sewer_fruit_machine

Notes
Turn   | Place    | Note
--------------------------------------------------------------
     0 | D:1      | zeroDi the Vine Stalker Assassin began the quest for the Orb.
     0 | D:1      | Reached XP level 1. HP: 11/11 MP: 2/2
   113 | D:1      | Reached skill level 2 in Short Blades
   160 | D:1      | Reached XP level 2. HP: 15/15 MP: 3/3
   581 | D:1      | Reached skill level 3 in Short Blades
   587 | D:1      | Reached XP level 3. HP: 18/18 MP: 4/4
  1066 | D:2      | Reached XP level 4. HP: 23/23 MP: 3/5
  1176 | D:2      | Reached skill level 4 in Short Blades
  1641 | D:3      | Reached XP level 5. HP: 26/26 MP: 6/6
  2002 | D:3      | Found a sacrificial altar of Ru.
  2130 | D:3      | Found a glowing drain.
  2152 | Sewer    | Entered a sewer
  2166 | Sewer    | Reached skill level 5 in Short Blades
  2261 | Sewer    | Reached skill level 5 in Stealth
  2843 | D:4      | Gained mutation: You evolve. [potion of mutation]
  2843 | D:4      | Gained mutation: Your movements are slightly less encumbered by armour (ER -2). [potion of mutation]
  2865 | D:4      | Noticed Eustachio
  2877 | D:4      | Gained mutation: You heal very quickly. [Vine Stalker growth]
  2877 | D:4      | Reached XP level 6. HP: 30/30 MP: 7/7
  2890 | D:4      | HP: 2/30 [gnoll/halberd (7)]
  2890 | D:4      | Slain by a gnoll

Vanquished Creatures
  A gnoll shaman (D:4)
  7 adders
  A shadow imp (D:3)
  An ooze (D:2)
  4 worms
  2 dart slugs
  2 giant geckos
  14 bats
  8 giant cockroaches
  14 goblins
  12 hobgoblins
  12 jackals
  A quokka (D:2)
  4 ball pythons
  4 giant newts
  5 kobolds
  8 rats
100 creatures vanquished.
